 Dungeon Crawl Stone Soup version 0.29.0-13-gc9e81de378 (webtiles) character file.

Game seed: 2816152403083914349

239 LynnLen the Sneak (level 5, -3/24 HPs)
             Began as a Spriggan Conjurer on Sept 9, 2022.
             Slain by a mummy (17 damage)
             ... in an ossuary.
             The game lasted 00:16:53 (5023 turns).

LynnLen the Sneak (Spriggan Conjurer)               Turns: 5023, Time: 00:16:54

Health: -3/24      AC:  4    Str:  3    XL:     5   Next: 79%
Magic:  7/12       EV: 17    Int: 22    God:
Gold:   130        SH:  0    Dex: 13    Spells: 2/13 levels left

rFire   . . .      SeeInvis +   (weapon restricted)
rCold   . . .      Faith    .   (no shield)
rNeg    . . .      Spirit   .   k - +2 robe {Archmagi}
rPois   .          Reflect  .   (helmet restricted)
rElec   .          Harm     .   (no cloak)
rCorr   +          Rampage  .   (gloves unavailable)
Will    .....      Archmagi +   (boots unavailable)
Stlth   +++.......              (no amulet)
HPRegen 0.08/turn               e - ring of resist corrosion
MPRegen 0.13/turn               o - ring of wizardry

@: very quick
A: very small, no large weapons, unfitting armour, see invisible, speed 3
a: no special abilities


You were in an ossuary.
You visited 1 branch of the dungeon, and saw 4 of its levels.
You also visited: Ossuary.

You collected 186 gold pieces.
You spent 56 gold pieces at shops.

Inventory:

Armour
 k - a +2 robe of the Archmagi (worn)
Jewellery
 e - a ring of resist corrosion (left hand)
 o - a ring of wizardry (right hand)
Scrolls
 c - 5 scrolls of teleportation {unknown}
 d - 2 scrolls of poison {unknown}
 f - a scroll of magic mapping {unknown}
 h - a scroll of butterflies {unknown}
 m - 3 scrolls of identify
 n - a scroll of fear {unknown}
 p - a scroll of immolation {unknown}
 s - a scroll of summoning {unknown}
 u - 3 scrolls of enchant weapon {unknown}
Potions
 a - 3 potions of heal wounds {unknown}
 b - 2 potions of curing
 g - 4 potions of magic
 i - a potion of berserk rage
 j - a potion of attraction
 l - 2 potions of ambrosia {unknown}
 q - 2 potions of brilliance {unknown}
 r - 2 potions of haste {unknown}
 t - a potion of resistance {unknown}


   Skills:
 - Level 2.6 Dodging
 + Level 5.6 Stealth
 + Level 4.5 Spellcasting
 + Level 3.8 Conjurations
 + Level 1.4 Hexes
 + Level 2.0 Translocations


You had 2 spell levels left.
You knew the following spells:

 Your Spells              Type           Power      Damage    Failure   Level
a - Magic Dart            Conj           100%       1d8       1%          1
b - Searing Ray           Conj           64%        2d6       1%          2
c - Fulminant Prism       Conj/Hex       12%        3d9       14%         4
d - Iskenderun's Mystic   Conj/Tloc      26%        2d7       13%         4

Your spell library contained the following spells:

 Spells                   Type           Power      Damage    Failure   Level
 Dazzling Flash           Conj/Hex       48%        N/A       4%          3


Dungeon Overview and Level Annotations

Branches:
Dungeon (4/15)            Ossuary (1/1)
 Temple: D:4-7

Altars:
Zin

Shops:
D:1 :?

Annotations:
D:3 Sigmund


Innate Abilities, Weirdness & Mutations

You are very small and have problems with some larger weapons.
You are too small for most types of armour.
You have supernaturally acute eyesight. (SInv)
You cover ground extremely quickly. (Speed+++)


Message History

You start resting.
HP restored.
There is an open door here.
You open the door.
A gnoll zombie comes into view.
The gnoll zombie completely misses you.
There is an open door here.
Aiming: Searing Ray (safe; 1% risk of failure)
Press: ? - help, Q - select action, (/) - cycle Shift-Dir - straight line, f - gnoll zombie
Aim: a gnoll zombie (96% to hit)
You feel a surge of power!
The searing ray hits the gnoll zombie!
The gnoll zombie is heavily damaged. (Press . to maintain the ray.)
The searing ray hits the gnoll zombie!
You destroy the gnoll zombie!
You start resting.
Magic restored.
There is an open door here.
You open the door. 2 mummies come into view.
Found a scroll of identify, a potion of degeneration and a potion of curing.
Found a smoky white potion and a scroll of noise.
Aiming: Searing Ray (safe; 1% risk of failure)
Press: ? - help, Q - select action, (/) - cycle Shift-Dir - straight line, f - mummy
Aim: a mummy (91% to hit)
You feel a surge of power!
The searing ray hits the mummy but does no damage. (Press . to maintain the ray.) Unknown command.
The searing ray hits the mummy.
The mummy is lightly damaged.
The searing ray hits the mummy!
The mummy is heavily damaged.
The searing ray hits the mummy!
The mummy is severely damaged.
You finish channelling your searing ray.
The mummy hits you! The mummy hits you!
Ouch! That really hurt!
You die...

### #.## ##### ?!!
##### #???# !.? #..!#
.!! #M# #?.!# #^# #.#
##.## ###.# ###M###
#.### #.'.## ##..@..##
##^'.#
###..###.......###..###
#.'...#.........#...'.#
###...'....⌠....'...###
#.'...#...^.....#...'.#
###..###.....^.###..###
#.'.## ##.....## ##.'.#
###.# ###'### #.###
##.## #.# ##.##


You could see 2 mummies.

Vanquished Creatures
  A centaur zombie (Ossuary)
  A human zombie (Ossuary)
  Jessica (D:3)
  2 mummies (Ossuary)
  Robin (D:3)
  5 adders
  2 dart slugs
  7 ball pythons
  4 bats (D:1)
  5 endoplasms
  2 gnoll zombies (Ossuary)
  6 goblins (D:3)
  10 hobgoblins
  10 jackals
  A quokka (D:4)
  2 goblin zombies (Ossuary)
  4 kobolds
  A kobold zombie (Ossuary)
  An orc zombie (Ossuary)
  4 rats
70 creatures vanquished.

Notes
Turn   | Place    | Note
-------+----------+-------------------------------------------
     0 | D:1      | LynnLen the Spriggan Conjurer began the quest for the Orb.
     0 | D:1      | Reached XP level 1. HP: 9/9 MP: 5/5
   331 | D:1      | Found a faded altar of an unknown god.
   499 | D:1      | Reached XP level 2. HP: 12/13 MP: 4/7
   502 | D:1      | Learned a level 2 spell: Searing Ray
  1043 | D:1      | Found Oplemasu's Magic Scroll Emporium.
  1589 | D:1      | Found Irpheutarr's Book Boutique.
  1770 | D:1      | Bought a scroll of identify for 28 gold pieces
  1770 | D:1      | Bought a scroll of identify for 28 gold pieces
  1881 | D:2      | Reached XP level 3. HP: 14/16 MP: 1/8
  1982 | D:2      | Reached skill level 4 in Stealth
  3006 | D:3      | Noticed Jessica
  3008 | D:3      | Killed Jessica
  3009 | D:3      | Reached XP level 4. HP: 21/21 MP: 6/10
  3601 | D:3      | Noticed Robin
  3606 | D:3      | Killed Robin
  3607 | D:3      | Reached skill level 5 in Stealth
  3759 | D:3      | Learned a level 4 spell: Fulminant Prism
  3764 | D:3      | Learned a level 4 spell: Iskenderun's Mystic Blast
  4043 | D:3      | Noticed Sigmund
  4079 | D:4      | Reached XP level 5. HP: 21/24 MP: 6/12
  4279 | D:4      | Found a sand-covered staircase.
  4279 | D:4      | Found a glowing silver altar of Zin.
  4289 | Ossuary  | Entered an ossuary
  4409 | Ossuary  | Reached skill level 1 in Translocations
  4500 | Ossuary  | Reached skill level 1 in Hexes
  5023 | Ossuary  | Slain by a mummy

Illustrated notes

Levels and vault maps discovered:
D:1:      dpeg_arrival_stonehenge_8_columns, layout_loops_corners, serial_shops,
          nicolae_shop_crystal, shop, shapermc_ecumenical_altar_notcrosses,
          minmay_tetromino_t2
D:2:      layout_loops_ring, chequers_arboretum
D:3:      layout_loops_ring, nicolae_eternal_life, uniq_natasha, uniq_sigmund,
          uniq_grinder, uniq_robin, uniq_jessica, uniq_ijyb
D:4:      layout_layer_cave, mainiacjoe_overflow_catwalk, enter_ossuary_1
Ossuary:  ossuary_crypta

Skill      XL: |  1  2  3  4  5 |
---------------+----------------+-----
Conjurations   | 3 |  3.8
Spellcasting   | 3 4 |  4.5
Stealth        | 4 5 |  5.6
Translocations | 2 |  2.0
Hexes          | 1 |  1.4
Dodging        | |  2.6

Action                   |  1- 3 |  4- 6 || total
-------------------------+-------+-------++-------
 Cast: Magic Dart        |    26 |     1 ||    27
       Searing Ray       |    30 |    39 ||    69
  Use: Potion            |     1 |       ||     1
       Scroll            |     3 |       ||     3
Armor: Robe              |     6 |     7 ||    13
Dodge: Dodged            |    33 |    16 ||    49
